 Dungeon Crawl Stone Soup version 0.23-a0-290-g290e36d (console) character file.

53 bli the Insei (level 3, -1/29 HPs)
             Began as a Draconian Transmuter on Oct 3, 2018.
             Slain by Terence
             ... wielding a +0 trident
              (8 damage)
             ... on level 2 of the Dungeon.
             The game lasted 00:03:48 (1026 turns).

bli the Insei (Draconian Transmuter)                Turns: 1026, Time: 00:03:49

Health: -1/29      AC:  5    Str: 12    XL:     3   Next: 64%
Magic:  6/6        EV: 12    Int: 13    God:
Gold:   24         SH:  0    Dex: 12    Spells: 5/6 levels left

rFire    . . .     SeeInvis .     - Unarmed
rCold    . . .     Gourm    .   (no shield)
rNeg     . . .     Faith    .   (armour unavailable)
rPois    .         Spirit   .   (helmet restricted)
rElec    .         Reflect  .   (no cloak)
rCorr    .         Harm     .   (no gloves)
MR       .....                  (boots currently unavailable)
Stlth    +.........             (no amulet)
HPRegen  0.09/turn              (no ring)
MPRegen  0.10/turn              (no ring)

@: appendage (expiring)
A: unfitting armour, talons 3, cold-blooded, AC +5
a: End Transformation


You were on level 2 of the Dungeon.
You were not hungry.
You had grown temporary talons.
You visited 1 branch of the dungeon, and saw 2 of its levels.

You collected 24 gold pieces.

Inventory:

Missiles
 a - 12 arrows
 e - 5 stones (quivered)
Potions
 b - a potion of heal wounds {unknown}
 f - a potion of magic {unknown}
 g - a potion of flight {unknown}
Comestibles
 c - 2 rations
 d - 4 chunks of flesh


   Skills:
 * Level 2.1 Fighting
 + Level 2.1 Dodging
 + Level 4.1 Unarmed Combat
 - Level 2.0 Spellcasting
 - Level 2.0 Transmutations


You had 5 spell levels left.
You knew the following spells:

 Your Spells              Type           Power        Failure   Level  Hunger
a - Beastly Appendage     Tmut           #.....       11%         1    ##.....

Your spell library contained the following spells:

 Spells                   Type           Power        Failure   Level  Hunger
 Sticks to Snakes         Tmut           #.......     17%         2    ###....
 Spider Form              Tmut/Pois      #.........   45%         3    ####...
 Ice Form                 Ice/Tmut       #.......     86%         4    #####..
 Blade Hands              Tmut           #.........   97%         5    ######.


Dungeon Overview and Level Annotations

Branches:
Dungeon (2/15)

Altars:

Annotations:
D:2 Terence


Innate Abilities, Weirdness & Mutations

Your plain brown scales are hard. (AC +5)
You cannot fit into any form of body armour.
You are cold-blooded and may be slowed by cold attacks.
You have claws for feet.


Message History

Terence is almost dead.
Terence hits you with a trident!
You hit Terence but do no damage.
Terence is almost dead.
Terence shouts, "Get ready for death!"
Terence hits you with a trident.
You closely miss Terence. You punch Terence.
Terence is almost dead.
Terence hits you but does no damage.
You hit Terence but do no damage. You claw Terence, but do no damage.
Terence is almost dead.
Terence closely misses you.
You hit Terence but do no damage. You claw Terence, but do no damage.
Terence is almost dead.
Terence hits you with a trident.
* * * LOW HITPOINT WARNING * * *
You hit Terence but do no damage. Your kick misses Terence.
Terence is almost dead.
Terence hits you with a trident!
You die...

######.####### #.#
#.######## #.........
#..###### #....#
#.##.# #.##)###
###.##.#.## #.#
.........#.######...#
..##.##.###...@@..#
#.#.## ##.###.## #..#
##.. # #.. ### ...
..# .#


You could see Terence.

Vanquished Creatures
  2 oozes (D:1)
  4 dart slugs
  2 leopard geckos (D:1)
  A ball python (D:1)
  3 giant cockroaches (D:1)
  3 goblins (D:1)
  4 hobgoblins (D:1)
  2 jackals (D:1)
  5 kobolds
  5 bats
  3 frilled lizards
  2 rats (D:2)
36 creatures vanquished.

Notes
Turn   | Place    | Note
-------+----------+-------------------------------------------
     0 | D:1      | bli the Draconian Transmuter began the quest for the Orb.
     0 | D:1      | Reached XP level 1. HP: 16/16 MP: 3/3
   124 | D:1      | Reached XP level 2. HP: 21/23 MP: 3/5
   512 | D:1      | Reached XP level 3. HP: 29/29 MP: 4/6
   942 | D:2      | Reached skill level 4 in Unarmed Combat
  1012 | D:2      | Noticed Terence
  1026 | D:2      | Slain by Terence

Vault maps used:
D:1:      minmay_arrival_semitransparent, feat_on_display
D:2:      gammafunk_temple_overflow_pools, uniq_terence

Skill      XL: |  1  2  3 |
---------------+----------+-----
Dodging        | 2 |  2.1
Fighting       | 2 |  2.1
Unarmed Combat | 4 |  4.1
Spellcasting   | |  2.0
Transmutations | |  2.0

Action                   || total
-------------------------++-------
Melee: Unarmed           ||   140
       Headbutt          ||     6
       Tailslap          ||    11
       Punch             ||     2
       Kick              ||     5
 Cast: Beastly Appendage ||    16
 Stab: Sleeping          ||     1
  Eat: Chunk             ||     1
Armor: Skin              ||    49
Dodge: Dodged            ||   109

Table legend:
 A = Non-vault XP
 B = Vault XP
 C = Vault XP percentage of total XP
 D = Non-vault monster count
 E = Vault monster count
 F = Vault count percentage of total count
                 A         B        C        D         E       F
            +---------+---------+-------+---------+---------+-------
      Total |      77 |       0 |   0.0 |      36 |       0 |   0.0
            +---------+---------+-------+---------+---------+-------
        D:1 |      64 |       0 |   0.0 |      28 |       0 |   0.0
        D:2 |      13 |       0 |   0.0 |       8 |       0 |   0.0
            +---------+---------+-------+---------+---------+-------
